 Dungeon Crawl Stone Soup version 0.22-a0-247-gbddf880 (webtiles) character file.

103 4thArraOfDagon the Ducker (level 4, 1/21 HPs)
             Began as a Felid Abyssal Knight on Feb 27, 2018.
             Was a Follower of Lugonu.
             Quit the game on level 5 of the Dungeon.
             The game lasted 00:05:04 (1567 turns).

4thArraOfDagon the Ducker (Felid Abyssal Knight)    Turns: 1567, Time: 00:05:05

Health: 1/21       AC:  1    Str:  8    XL:     4   Next: 51%
Magic:  6/6        EV: 19    Int: 14    God:    Lugonu [*.....]
Gold:   159        SH:  0    Dex: 15    Spells: 3/3 levels left
                                        Lives:  1   Deaths: 0

rFire    . . .     SeeInvis +     - Unarmed
rCold    . . .     Gourm    .   (shield unavailable)
rNeg     . . .     Faith    .   (armour unavailable)
rPois    .         Spirit   .   (helmet unavailable)
rElec    .         Reflect  .   (cloak unavailable)
rCorr    .         Harm     .   (gloves unavailable)
MR       .....                  (boots unavailable)
Stlth    +++.......             (no amulet)
HPRegen  0.07/turn              (no ring)
MPRegen  0.10/turn              (no ring)

@: lethally poisoned (1 -> -8), quick
A: very small, no armour, no weapons or thrown items, stealth, claws 1, fangs 3,
see invisible, carnivore, speed 1, shaggy fur 1, slow metabolism 1, sharp paws
a: Depart the Abyss, Renounce Religion


You were on level 5 of the Dungeon.
You worshipped Lugonu.
Lugonu was aware of your devotion.
You were completely stuffed.

You visited 1 branch of the dungeon, and saw 5 of its levels.
You visited the Abyss 1 time.

You collected 159 gold pieces.

Inventory:

Jewellery
 e - an uncursed ring of poison resistance {unknown}
Scrolls
 b - a scroll of remove curse
Potions
 c - a potion of might
 d - a potion of degeneration
 i - a potion of cancellation
Comestibles
 a - 5 rations
 j - a chunk of flesh


   Skills:
 - Level 3.0 Fighting
 + Level 3.8 Dodging
 * Level 3.4 Stealth
 * Level 3.1 Unarmed Combat
 + Level 2.5 Invocations


You had 3 spell levels left.
You didn't know any spells.

Dungeon Overview and Level Annotations

Branches:
Dungeon (5/15)
 Temple: D:4-7

Altars:


Innate Abilities, Weirdness & Mutations

You cannot wear armour.
You are incapable of wielding weapons or throwing items.
Your paws allow you to move quietly. (Stealth)
You have sharp claws.
You have razor-sharp teeth.
You have supernaturally acute eyesight. (SInv)
You are carnivorous and can eat meat at any time.
You cover ground quickly.
You are covered in fur. (AC +1)
You have a slow metabolism.
Your sharp claws are effective at attacking unaware monsters.


Message History

There is an open door here.
An ice beast and a zombie come into view.
Found a hunting sling.
The helpless adder zombie fails to defend itself.
You claw the adder zombie!
The adder zombie is severely damaged.
The adder zombie closely misses you.
Unknown command.
Unknown command.
You pounce on the unaware helpless worker ant!
You claw the worker ant!
The worker ant is heavily wounded.
The worker ant bites you!
* * * LOW HITPOINT WARNING * * *
You are lethally poisoned!
The worker ant poisons you! The adder zombie bites you.
* * * LOW HITPOINT WARNING * * *
Unknown command.
Okay, then.
Are you sure you want to abandon this character and quit the game? (Confirm with "yes".)

#. #. #. #. #.
######.#####.#
.......Z@a.).#
######.######
#.........Y
#####'#........
#........######
#........#
#........#
#........#
#........#


You could see a worker ant and an adder zombie.

Vanquished Creatures
  A hound (D:4)
  2 adders
  2 worms
  4 dart slugs
  A leopard gecko (D:1)
  2 ball pythons (D:1)
  3 giant cockroaches
  3 goblins
  3 hobgoblins (D:1)
  7 kobolds
  5 bats
  4 frilled lizards
  5 rats
42 creatures vanquished.

Notes
Turn   | Place    | Note
-------+----------+-------------------------------------------
     0 | Abyss:1  | 4thArraOfDagon the Felid Abyssal Knight began the quest for the Orb.
     0 | Abyss:1  | Reached XP level 1. HP: 10/10 MP: 3/3
    25 | Abyss:2  | Noticed a small abomination
    62 | Abyss:2  | Noticed a sky beast
    68 | Abyss:2  | Noticed a raiju
    69 | D:1      | Escaped the Abyss
   279 | D:1      | Reached skill level 1 in Stealth
   338 | D:1      | Reached XP level 2. HP: 9/14 MP: 4/4
   344 | D:1      | Reached * piety under Lugonu
   593 | D:1      | Reached XP level 3. HP: 11/17 MP: 5/5
  1397 | D:3      | Reached XP level 4. HP: 16/21 MP: 6/6
  1536 | D:5      | Entered Level 5 of the Dungeon
  1536 | D:5      | Noticed an ogre
  1563 | D:5      | Noticed an ice beast
  1566 | D:5      | HP: 1/21 [adder zombie (1)]
  1567 | D:5      | Quit the game

Vault maps used:
D:1:      eino_arrival_druids_welcome, minivault_26
D:3:      first_ration, uniq_natasha
D:5:      lemuel_coloured_pillars_altar, uniq_eustachio

Skill      XL: |  1  2  3  4 |
---------------+-------------+-----
Stealth        | 1 2 3 |  3.4
Invocations    | 2 |  2.5
Unarmed Combat | 3 |  3.1
Fighting       | |  3.0
Dodging        | |  3.8

Action                   |  1- 3 |  4- 6 || total
-------------------------+-------+-------++-------
Melee: Unarmed           |    94 |    26 ||   120
       Bite              |     5 |     2 ||     7
Invok: Depart the Abyss  |     1 |       ||     1
  Use: Scroll            |     3 |     3 ||     6
       Potion            |     4 |     1 ||     5
 Stab: Sleeping          |    11 |     2 ||    13
       Fleeing           |       |     1 ||     1
  Eat: Chunk             |     7 |     1 ||     8
Armor: Skin              |     8 |       ||     8
Dodge: Dodged            |    77 |    26 ||   103

Table legend:
 A = Spawn XP
 B = Non-spawn XP
 C = Spawn XP percentage of total XP
 D = Spawn monster count
 E = Non-spawn monster count
 F = Spawn count percentage of total count
 G = Total turns spent on level
                    A         B        C        D         E        F      G
               +---------+---------+-------+---------+---------+-------+---------
         Total |       0 |     148 |   0.0 |       0 |      42 |   0.0 |  1567
               +---------+---------+-------+---------+---------+-------+---------
           D:1 |       0 |      46 |   0.0 |       0 |      23 |   0.0 |   593
           D:2 |       0 |      36 |   0.0 |       0 |      13 |   0.0 |   711
           D:3 |       0 |      23 |   0.0 |       0 |       5 |   0.0 |   128
           D:4 |       0 |      43 |   0.0 |       0 |       1 |   0.0 |    35
               +---------+---------+-------+---------+---------+-------+---------
